 Dungeon Crawl Stone Soup version 0.21.1-1-g345015f (webtiles) character file.

9757 vatarom the Covert (level 11, 0/82 HPs)
             Began as a Felid Berserker on Mar 22, 2018.
             Was an Elder of Trog.
             Slain by a sun demon (13 damage)
             ... on level 6 of the Lair of Beasts.
             The game lasted 00:30:53 (15249 turns).

vatarom the Covert (Felid Berserker)               Turns: 15249, Time: 00:30:54

Health: 0/82       AC: 25    Str: 15    XL:     11   Next: 27%
Magic:  18/18      EV:  4    Int:  9    God:    Trog [****..]
Gold:   811        SH:  0    Dex: 23    Spells: 10/10 levels left
                                        Lives:  0   Deaths: 2

rFire    . . .     SeeInvis +     - Unarmed
rCold    . . .     Gourm    .   (shield unavailable)
rNeg     + + +     Faith    .   (armour unavailable)
rPois    +         Spirit   .   (helmet unavailable)
rElec    .         Reflect  .   (cloak unavailable)
rCorr    .         Harm     .   (gloves unavailable)
MR       ++...     NoTele   +   (boots unavailable)
Stlth    ++++++....             G - amulet of regeneration
HPRegen  0.63/turn              k - +6 ring of dexterity
MPRegen  0.16/turn              f - ring of protection from magic

@: lethally poisoned (0 -> -5), tree-form, berserk cooldown, slowed, very slow
A: very small, no armour, no weapons or thrown items, stealth, see invisible,
carnivore, slow metabolism 1
a: Berserk, Trog's Hand, Brothers in Arms, Burn Spellbooks, Renounce Religion


You were on level 6 of the Lair of Beasts.
You worshipped Trog.
Trog was greatly pleased with you.
You were not hungry.
You were a tree.
You visited 3 branches of the dungeon, and saw 15 of its levels.
You also visited: Ossuary.

You collected 863 gold pieces.
You spent 52 gold pieces at shops.

Inventory:

Jewellery
 f - a ring of protection from magic (right branch)
 k - a +6 ring of dexterity (left branch)
 n - an uncursed ring of protection from cold
 E - an uncursed ring of protection from fire
 G - an amulet of regeneration (around neck)
Wands
 x - a wand of random effects (21)
 y - a wand of scattershot (4)
 z - a wand of flame (24)
 B - a wand of iceblast (17)
 C - a wand of acid (3)
 D - a wand of polymorph (9)
 F - a wand of disintegration (4)
 L - a wand of clouds (2)
Scrolls
 e - 2 scrolls of teleportation
 g - 8 scrolls of remove curse
 l - 3 scrolls of enchant weapon
 o - 2 scrolls of magic mapping
 u - a scroll of random uselessness
 w - 2 scrolls of fog
 H - 2 scrolls of holy word
Potions
 b - 3 potions of magic
 c - 4 potions of haste
 d - a potion of might
 h - 4 potions of brilliance
 j - 5 potions of curing
 m - a potion of ambrosia
 p - 2 potions of cancellation
 q - a potion of lignification
 s - a potion of resistance {unknown}
 t - 5 potions of flight {unknown}
 v - 2 potions of invisibility {unknown}
 I - a potion of berserk rage {unknown}
Books
 A - a book of Changes

   Spells                             Type                      Level
   a - Beastly Appendage              Transmutation                1
   b - Sticks to Snakes               Transmutation                2
   c - Spider Form                    Transmutation/Poison         3
   d - Ice Form                       Ice/Transmutation            4
   e - Blade Hands                    Transmutation                5
   Trog disapproves of the use of such an item.
 K - a book of Death

   Spells                             Type                      Level
   a - Corpse Rot                     Necromancy                   2
   b - Sublimation of Blood           Necromancy                   2
   c - Agony                          Necromancy                   5
   d - Dispel Undead                  Necromancy                   5
   e - Excruciating Wounds            Charms/Necromancy            5
   f - Bolt of Draining               Conjuration/Necromancy       5
   Trog disapproves of the use of such an item.
 N - a book of Cantrips

   Spells                             Type                      Level
   a - Confusing Touch                Hexes                        1
   b - Animate Skeleton               Necromancy                   1
   c - Summon Small Mammal            Summoning                    1
   d - Apportation                    Translocation                1
   Trog disapproves of the use of such an item.
Comestibles
 a - 39 rations


   Skills:
 + Level 10.7 Fighting
 + Level 11.5 Dodging
 + Level 14.4 Stealth
 * Level 10.1 Unarmed Combat
 * Level 8.7 Evocations


You had 10 spell levels left.
You didn't know any spells.

Dungeon Overview and Level Annotations

Branches:
Dungeon (8/15)             Temple (1/1) D:6            Lair (5/6) D:8
  Swamp (0/4) Lair:3       Spider (0/4) Lair:2        Slime (0/5) Lair:5

Altars:
Ashenzari
Cheibriados
Dithmenos
Elyvilon
Fedhas
Gozag
Hepliaklqana
Kikubaaqudgha
Makhleb
Nemelex Xobeh
Okawaru
Qazlal
Ru
Sif Muna
Trog
Uskayaw
Vehumet
Wu Jian
Xom
Yredelemnul
Zin
The Shining One
Jiyva

Shops:
D:4 *

Annotations:
Lair:5 1 runed door


Innate Abilities, Weirdness & Mutations

You cannot wear armour.
You are incapable of wielding weapons or throwing items.
Your paws allow you to move quietly. (Stealth)
((You have sharp claws.))
((You have razor-sharp teeth.))
You have supernaturally acute eyesight. (SInv)
You are carnivorous and can eat meat at any time.
((You cover ground quickly.))
((You are covered in thick fur. (AC +2)))
You have a slow metabolism.
((Your sharp claws are effective at attacking unaware monsters.))


Message History

The orange demon stings you but does no damage.
The hellwing hits you.
The hellwing hits you but does no damage.
The orange demon screeches!
You pummel the sun demon!!
The sun demon is severely wounded.
You feel sick.
The sun demon hits you but does no damage.
The orange demon stings you but does no damage.
The hellwing hits you but does no damage. x2
You hit the sun demon but do no damage.
The sun demon is severely wounded.
You feel sick. The sun demon hits you!
You are engulfed in flames!
* * * LOW HITPOINT WARNING * * *
The orange demon completely misses you.
The hellwing hits you but does no damage. x2
The sun demon hits you.
* * * LOW HITPOINT WARNING * * *
You are engulfed in flames!
You die...

######++#######
+#########.............#
#........#...8....8....#
#..8.8...'.............#
#...#.8..###############
#..#.8...#.......
#...8.#..#44.....
#..8.#.4♣344.._..
#...8.8.†#4h.....
#.......)#....§§§
#############§§§§ §§≈ ##


You could see a sun demon, 2 orange demons, a hellwing, 3 ice devils and a hell
hound.

Vanquished Creatures
  The ghost of Shinoi the Markscentaur, a journeyman CeHu of Zin (Lair:4)
  3 hydras
  Erica (Lair:1)
  A two-headed ogre (D:8)
  A deep troll (Lair:4)
  A wizard (Lair:6)
  Pikel (D:6)
  2 elephants
  A torpor snail (Lair:3)
  5 spiny frogs
  Joseph (Lair:1)
  5 komodo dragons
  The ghost of Frank the Slasher, an amateur OpFi (D:4)
  5 blink frogs
  2 hippogriffs
  Eustachio (D:6)
  2 wraiths
  2 basilisks (Lair:3)
  A fire elemental (Lair:1)
  3 hogs (D:7)
  A human (D:7)
  14 yaks
  A steam dragon (Lair:3)
  4 water moccasins
  A hell hound (Lair:6)
  6 porcupines
  An ice beast (D:6)
  A phantom (D:8)
  A black bear (D:8)
  An ogre (D:4)
  The ghost of Redear the Changer, an amateur DrTm (D:3)
  10 wolves
  3 centaurs
  8 crocodiles
  A big kobold (D:7)
  10 bullfrogs
  A scorpion (D:6)
  3 killer bees (D:7)
  3 wights (D:6)
  A howler monkey (D:7)
  9 crimson imps
  A quasit (D:8)
  5 hounds
  7 orc priests
  3 centaur skeletons
  4 iguanas
  4 orc wizards
  5 worker ants
  3 mummies (Ossuary)
  4 adders
  A howler monkey skeleton (D:5)
  4 gnolls
  3 shadow imps
  2 oozes
  An adder zombie (D:5)
  3 worms
  3 dart slugs
  A leopard gecko (D:1)
  32 orcs
  7 bats
  6 giant cockroaches
  3 goblins
  7 hobgoblins
  13 jackals
  7 quokkas
  A ball python (D:1)
  6 frilled lizards
  2 goblin zombies (Ossuary)
  2 hobgoblin zombies (Ossuary)
  A jackal skeleton (D:4)
  15 kobolds
  8 kobold zombies (Ossuary)
  3 rats
288 creatures vanquished.

Vanquished Creatures (collateral kills)
  A komodo dragon (Lair:2)
  A jumping spider (Lair:2)
  2 blink frogs (Lair:2)
  A wyvern (Lair:2)
  A yak (Lair:2)
  A porcupine (Lair:2)
  2 wolves (Lair:3)
  2 crocodiles (Lair:2)
  A bullfrog (Lair:2)
  An orc wizard (D:5)
  An orc (D:5)
14 creatures vanquished.

Vanquished Creatures (others)
  A slave (D:6)
  A crimson imp (D:6)
  4 fungi
  4 plants
10 creatures vanquished.

Grand Total: 312 creatures vanquished

Notes
Turn   | Place    | Note
-------+----------+-------------------------------------------
     0 | D:1      | vatarom the Felid Berserker began the quest for the Orb.
     0 | D:1      | Reached XP level 1. HP: 10/10 MP: 2/2
   492 | D:1      | Reached XP level 2. HP: 14/14 MP: 3/3
   655 | D:1      | Reached skill level 1 in Stealth
   751 | D:1      | Reached XP level 3. HP: 17/17 MP: 4/4
  1565 | D:3      | Noticed Redear's ghost (amateur DrTm)
  1574 | D:3      | Killed Redear's ghost
  1574 | D:3      | Reached skill level 5 in Dodging
  1574 | D:3      | Reached skill level 2 in Stealth
  1574 | D:3      | Reached XP level 4. HP: 12/21 MP: 5/5
  1683 | D:3      | Reached ** piety under Trog
  1911 | D:3      | Reached XP level 5. HP: 24/24 MP: 6/6
  2554 | D:3      | Reached skill level 3 in Stealth
  2570 | D:3      | Gained mutation: You are covered in thick fur. (AC +2) [Felid growth]
  2570 | D:3      | Reached XP level 6. HP: 20/28 MP: 7/7
  2632 | D:3      | Reached *** piety under Trog
  2899 | D:4      | Found a sand-covered staircase.
  2903 | Ossuary  | Entered an ossuary
  2903 | Ossuary  | Noticed a wraith
  2903 | Ossuary  | Noticed a wraith
  2903 | Ossuary  | Noticed a wraith
  3200 | Ossuary  | Noticed a wraith
  3323 | Ossuary  | Killed a wraith
  3323 | Ossuary  | Reached skill level 4 in Stealth
  3323 | Ossuary  | Reached skill level 5 in Unarmed Combat
  3573 | D:4      | Noticed Frank's ghost (amateur OpFi)
  3583 | D:4      | Killed Frank's ghost
  3583 | D:4      | Reached skill level 5 in Stealth
  3583 | D:4      | Reached XP level 7. HP: 15/33 MP: 8/8
  4125 | D:4      | Reached skill level 6 in Stealth
  4225 | D:4      | Reached **** piety under Trog
  4245 | D:4      | Found Becomoy's Assorted Antiques.
  4250 | D:4      | Bought 2 glowing sapphire potions for 52 gold pieces
  4635 | D:4      | Found a snail-covered altar of Cheibriados.
  4635 | D:4      | Found a sparkling altar of Nemelex Xobeh.
  4636 | D:4      | Found a basalt altar of Yredelemnul.
  4815 | D:5      | Entered Level 5 of the Dungeon
  4913 | D:5      | Reached XP level 8. HP: 36/36 MP: 9/9
  5064 | D:5      | Reached skill level 5 in Fighting
  5458 | D:5      | Reached skill level 7 in Stealth
  5686 | D:5      | Found a hide-covered altar of Uskayaw.
  5788 | D:5      | Reached skill level 1 in Evocations
  6041 | D:6      | Noticed Pikel
  6050 | D:6      | Killed Pikel
  6050 | D:6      | Reached skill level 8 in Stealth
  6163 | D:6      | Noticed Eustachio
  6178 | D:6      | Killed Eustachio
  6178 | D:6      | Reached XP level 9. HP: 42/42 MP: 11/11
  6354 | D:6      | Reached skill level 9 in Stealth
  6938 | D:6      | Paralysed by you for 3 turns
  6993 | D:6      | Found a staircase to the Ecumenical Temple.
  7002 | Temple   | Entered the Ecumenical Temple
  7453 | D:7      | Reached skill level 10 in Stealth
  8229 | D:7      | Reached ***** piety under Trog
  8260 | D:7      | Reached XP level 10. HP: 41/48 MP: 14/14
  8828 | D:8      | Found a staircase to the Lair.
  8953 | D:8      | Noticed a two-headed ogre
  8966 | D:8      | Killed a two-headed ogre
  8966 | D:8      | Reached skill level 11 in Stealth
  9341 | Lair:1   | Entered Level 1 of the Lair of Beasts
  9387 | Lair:1   | Noticed a six-headed hydra
  9392 | Lair:1   | Noticed a spiny frog
  9396 | Lair:1   | Killed a six-headed hydra
  9396 | Lair:1   | Reached skill level 5 in Evocations
  9404 | Lair:1   | Killed a spiny frog
  9453 | Lair:1   | Noticed Joseph
  9459 | Lair:1   | Killed Joseph
  9459 | Lair:1   | Reached skill level 12 in Stealth
  9744 | Lair:1   | Noticed Erica
  9757 | Lair:1   | Killed Erica
  9809 | Lair:1   | Noticed a seven-headed hydra
  9828 | Lair:1   | Killed a seven-headed hydra
  9828 | Lair:1   | Reached skill level 10 in Dodging
  9828 | Lair:1   | Reached XP level 11. HP: 22/53 MP: 16/16
 10846 | Lair:2   | Mangled by a yak
 10847 | Lair:2   | Reached XP level 10. HP: -6/49 MP: 15/15
 10850 | Lair:2   | Reached skill level 13 in Stealth
 11151 | Lair:2   | Found a hole to the Spider Nest.
 11570 | Lair:2   | Found a shadowy altar of Dithmenos.
 11780 | Lair:3   | Reached skill level 10 in Fighting
 11787 | Lair:3   | Noticed a torpor snail
 11907 | Lair:3   | Killed a torpor snail
 11907 | Lair:3   | Reached XP level 11. HP: 29/54 MP: 15/17
 12077 | Lair:3   | Found a staircase to the Swamp.
 13186 | Lair:4   | Noticed Shinoi's ghost (journeyman CeHu)
 13198 | Lair:4   | Killed Shinoi's ghost
 13274 | Lair:4   | Reached skill level 14 in Stealth
 13711 | Lair:4   | Noticed a deep troll
 13711 | Lair:4   | a torpor snail changed into a deep troll
 13716 | Lair:4   | Killed a deep troll
 14122 | Lair:5   | Noticed an eight-headed hydra
 14123 | Lair:5   | Noticed Nessos
 14222 | Lair:4   | Mangled by an eight-headed hydra
 14223 | Lair:4   | Reached XP level 10. HP: -7/76 MP: 16/16
 14223 | Lair:4   | Killed an eight-headed hydra
 14636 | Lair:5   | Noticed Nessos
 14636 | Lair:5   | Nessos changed into Nessos the elephant
 14646 | Lair:5   | Killed Nessos the elephant
 14646 | Lair:5   | Reached XP level 11. HP: 55/55 MP: 18/18
 14684 | Lair:5   | Found a runed door.
 14684 | Lair:5   | Found a viscous altar of Jiyva.
 14684 | Lair:5   | Found a staircase to the Slime Pits.
 14684 | Lair:5   | Noticed an azure jelly
 14989 | Lair:4   | HP: 3/82 [porcupine's spines (13)]
 15008 | Lair:4   | Reached skill level 10 in Unarmed Combat
 15193 | Lair:5   | You fall through a shaft!
 15193 | Lair:6   | Entered Level 6 of the Lair of Beasts
 15193 | Lair:6   | Noticed a death yak
 15193 | Lair:6   | Noticed a catoblepas
 15218 | Lair:6   | Noticed a wizard
 15226 | Lair:6   | Killed a wizard
 15229 | Lair:6   | Found a burning altar of Makhleb.
 15237 | Lair:6   | Noticed a sun demon
 15249 | Lair:6   | Slain by a sun demon

Skill      XL: |  1  2  3  4  5  6  7  8  9 10 11 |
---------------+----------------------------------+-----
Stealth        | 1 2 3 5 6 8 10 13 14 | 14.4
Dodging        | 5 6 7 8 10 11 | 11.5
Unarmed Combat | 4 5 6 7 8 10 | 10.1
Fighting       | 4 6 7 10 | 10.7
Evocations     | 2 4 8 7 |  8.7

Action                   |  1- 3 |  4- 6 |  7- 9 | 10-12 || total
-------------------------+-------+-------+-------+-------++-------
Melee: Unarmed           |    77 |   142 |   239 |   386 ||   844
       Bite              |    10 |    22 |    32 |    54 ||   118
       Punch             |       |     2 |     6 |    28 ||    36
Invok: Berserk           |     8 |     9 |    13 |    26 ||    56
       Trog's Hand       |       |       |     1 |       ||     1
       Brothers in Arms  |       |       |     1 |     5 ||     6
Evoke: Wand              |       |       |     3 |    26 ||    29
  Use: Scroll            |     5 |     5 |     5 |    14 ||    29
       Potion            |       |     1 |     1 |     7 ||     9
 Stab: Sleeping          |       |     4 |    22 |    28 ||    54
       Distracted        |       |       |     1 |     1 ||     2
  Eat: Chunk             |    13 |    10 |    27 |    42 ||    92
Armor: Skin              |     6 |     6 |     7 |    22 ||    41
Dodge: Dodged            |    45 |   102 |   153 |   442 ||   742
